[Event "Late-Titled-Tuesday-Blitz-October-10-2023"]
[Site "Chess.com"]
[Date "2023.10.10"]
[Round "11"]
[White "NFChess13"]
[Black "shimastream"]
[Result "1-0"]
[WhiteElo "2685"]
[BlackElo "2988"]
[TimeControl "180+1"]
[EndTime "16:01:21 PDT"]
[Termination "NFChess13 won on time"]

1. d4 d6 2. Nf3 c6 3. c4 Qc7 4. Nc3 e5 5. e4 Nf6 6. Bd3 Bg4 7. d5 Nbd7 8. h3 Bh5 9. O-O Be7 10. Be3 O-O 11. Be2 a5 12. Nd2 Bg6 13. Rc1 h6 14.
a3 Nc5 15. Qc2 a4 16. dxc6 bxc6 17. Bxc5 dxc5 18. Nxa4 Rfd8 19. Nc3 Nd7 20. Rfd1 Nf8 21. Bg4 f6 22. Nf1 h5 23. Bf5 Bf7 24. h4 Rd4 25. Ne3 Rad8 26. Ne2 g6 27. Bh3 Ne6 28. Nxd4 cxd4 29.
Bxe6 Bxe6 30. Nf1 Kf7 31. c5 Rg8 32. Ng3 g5 33. Nf5 gxh4 34. Qe2 Rg5 35. Nxh4 Bg4 36. f3 Be6 37. Kh2 Qb8 38. b4 Rg8 39. Qf2 Qf8 40.
g3 Qh6 41. Rf1 Ra8 42. Ra1 f5 43. exf5 Bd5 44. Ng6 Bf6 45. Rfe1 h4 46. gxh4 Rg8 47. Qg3 Qh5 48. Qg4 Qh6 49. Rg1 Re8 50. Rae1 d3 51. Nxe5+ Bxe5+ 52. Rxe5 Qd2+ 53. Rg2 Qxg2+ 54. Qxg2 Rxe5 55.
Qg6+ Ke7 56. Qg7+ 1-0

[Event "Late-Titled-Tuesday-Blitz-October-10-2023"]
[Site "Chess.com"]
[Date "2023.10.10"]
[Round "11"]
[White "FaustinoOro"]
[Black "Djager97"]
[Result "1-0"]
[WhiteElo "2846"]
[BlackElo "2625"]
[TimeControl "180+1"]
[EndTime "16:01:24 PDT"]
[Termination "FaustinoOro won on time"]

1. e4 e5 2. Nf3 Nc6 3. Bb5 a6 4. Bxc6 dxc6 5. O-O Bd6 6. d4 exd4 7. Qxd4 f6 8. Be3 Ne7 9. Nbd2 Be6 10. Nc4 Bxh2+ 11.
Kxh2 Qxd4 12. Nxd4 Bxc4 13. Rfd1 O-O-O 14. f3 c5 15. Nb3 b6 16. Nd2 Be6 17. Kg3 f5 18.
Kf2 Rd7 19. Rh1 h6 20. Rae1 Rhd8 21. Ke2 a5 22. a3 fxe4 23. fxe4 Bg4+ 24. Nf3 Nc6 25.
Kf2 Re8 26. Nd2 Nd4 27. c3 Nc6 28. Kg3 h5 29. Bf4 Rd3+ 30. Nf3 Rf8 31. Rd1 Rfd8 32. Rde1 a4 33. e5 Ne7 34. Bg5 Nf5+ 35. Kf2 Rf8 36. e6 Re8 37. Re5 g6 38. Rhe1 Ne7 39. Nh2 Bf5 40.
Nf1 Rd6 41. R5e2 Nc6 42. e7 Kd7 43. Ng3 Bg4 44. Re3 Re6 45. Ne4 R8xe7 46. Bxe7 Nxe7 47. Ng5 Rf6+ 48. Kg1 Nf5 49. Re8 Rd6 50. Nf7 Rd2 51. Rd8+ Kc6 52. Rxd2 c4 53. Ne5+ 1-0

[Event "Late-Titled-Tuesday-Blitz-October-10-2023"]
[Site "Chess.com"]
[Date "2023.10.10"]
[Round "11"]
[White "GoltsevDmitry2000"]
[Black "StarkyNZ"]
[Result "0-1"]
[WhiteElo "2679"]
[BlackElo "2393"]
[TimeControl "180+1"]
[EndTime "16:01:26 PDT"]
[Termination "StarkyNZ won by checkmate"]

1. e4 c6 2. d4 d5 3. Nc3 dxe4 4. Nxe4 Nf6 5. Ng3 h5 6. h4 g6 7. Nf3 Bg7 8. Bc4 e6 9. Bg5 b5 10. Bd3 O-O 11. Qd2 Nbd7 12. Bh6 Bxh6 13. Qxh6 Ng4 14. Qd2 e5 15. O-O-O exd4 16. Nxd4 Nc5 17. Nxc6 Nxd3+ 18. Qxd3 Qxd3 19. Rxd3 Nxf2 20. Rhd1 Nxd1 21. Rxd1 Bg4 22. Rd6 Rfe8 23. b3 Re6 24. Rxe6 Bxe6 25. Ne4 Kg7 26. Nc3 a6 27. Nd4 Rd8 28. Nf3 Bd5 29. Ne1 Bc6 30.
Ne2 Re8 31. Kd2 Re4 32. g3 Re7 33. Nd3 a5 34. c4 bxc4 35. bxc4 Bf3 36. Nd4 Be4 37. Nc5 Ba8 38. Ncb3 a4 39. Nc5 a3 40. Nd3 Rd7 41. Kc3 Re7 42. c5 Re3 43. c6 Bxc6 44.
Nxc6 Rxg3 45. Ne5 Rh3 46. Nc4 Rxh4 47. Nxa3 Ra4 48. Kb3 Ra8 49. Nb5 h4 50. Nf4 g5 51.
Nh3 Kg6 52. Nc7 Rb8+ 53. Ka4 g4 54. Nf4+ Kg5 55. Ncd5 h3 56. Ne2 f5 57. Ng3 f4 58.
Ne4+ Kh4 59. Nxf4 g3 60. Ng6+ Kg4 61. Nd2 h2 62. Ne5+ Kf4 63. Ng6+ Kg5 64. Nf3+ Kxg6 65.
Nd4 h1=Q 66. Nc2 Qa8# 0-1

[Event "Late-Titled-Tuesday-Blitz-October-10-2023"]
[Site "Chess.com"]
[Date "2023.10.10"]
[Round "11"]
[White "nihalsarin"]
[Black "iturrizaga"]
[Result "0-1"]
[WhiteElo "3118"]
[BlackElo "3044"]
[TimeControl "180+1"]
[EndTime "16:01:28 PDT"]
[Termination "iturrizaga won by resignation"]

1. Nf3 c5 2. b3 Nc6 3. Bb2 d6 4.
e3 e5 5. d4 cxd4 6. exd4 e4 7.
Nfd2 d5 8. c4 Nf6 9. Nc3 Bb4 10.
a3 Bxc3 11. Bxc3 O-O 12. Be2 Re8 13. O-O Bf5 14. Bb2 Bg6 15. Re1 Rc8 16. Nf1 Qd7 17. Ne3 Ne7 18. Qd2 Nh5 19. g3 Nf6 20. a4 h5 21. Bf1 h4 22. Ba3 Nc6 23. Bb2 Ne7 24.
Rac1 Rcd8 25. cxd5 a6 26. Nc4 Nexd5 27. Ne5 Qf5 28.
Bg2 hxg3 29. hxg3 Bh5 30. Rc5 b6 31. Rcc1 a5 32. Nc6 Rc8 33. Ne5 Rcd8 34. Bf1 Bf3 35. Nxf3 Qxf3 36. Qd1 Qf5 37. Qd2 Re6 38. Bg2 Rde8 39.
Qe2 Ng4 40. Bh3 Rg6 41. f3 Nf4 42. gxf4 Ne5+ 43. Kh2 Qxf4+ 44. Kh1 Qh4 45. Qf1 Nxf3 46. Re2 Rg3 47. Rh2 Nxh2 48. Kxh2 Qg5 49. Rc7 Rf3 50. Bc1 Qg3+ 51. Kh1 Rxf1+ 52. Bxf1 Qxc7 0-1

[Event "Late-Titled-Tuesday-Blitz-October-10-2023"]
[Site "Chess.com"]
[Date "2023.10.10"]
[Round "11"]
[White "Polish_fighter3000"]
[Black "h4parah5"]
[Result "0-1"]
[WhiteElo "3050"]
[BlackElo "2963"]
[TimeControl "180+1"]
[EndTime "16:01:31 PDT"]
[Termination "h4parah5 won on time"]

1. d4 Nf6 2. Bg5 c5 3. d5 d6 4. Nc3 h6 5. Bd2 e6 6. e4 exd5 7. exd5 Be7 8. Nf3 O-O 9. Be2 Bf5 10. O-O Re8 11. Bf4 a6 12. a4 Ne4 13. Nb1 Bf6 14.
c3 Qb6 15. Ra2 g5 16. Be3 Nd7 17. Nbd2 Qc7 18. a5 Re7 19. Nc4 Rae8 20. Ra1 Bg6 21. h3 Bg7 22. Nfd2 Nxd2 23. Qxd2 Nf6 24. Bd3 Be4 25. Bxe4 Nxe4 26. Qd3 Qd7 27. Rfe1 f5 28. Nb6 Qb5 29. Qc2 f4 30. Bd2 c4 31. Re2 Nf6 32.
Rxe7 Rxe7 33. Re1 Rxe1+ 34. Bxe1 Nxd5 35. Nxd5 Qxd5 36. Qe2 Kf7 37. Qh5+ Ke7 38. Qg6 Qf7 39. Qe4+ Qe6 40. Qxb7+ Kf8 41. Kf1 d5 42. f3 d4 43.
cxd4 Bxd4 44. Bf2 Bxf2 45. Qb4+ Kf7 46. Kxf2 Qe3+ 47. Kf1 Qc1+ 48. Ke2 Qe3+ 49. Kd1 Qg1+ 50. Qe1 Qxg2 51. Qe4 Qxb2 52. Qxc4+ Kg6 53. Qe6+ Qf6 54.
Qe4+ Kh5 0-1

[Event "Late-Titled-Tuesday-Blitz-October-10-2023"]
[Site "Chess.com"]
[Date "2023.10.10"]
[Round "11"]
[White "blueryder"]
[Black "Bala-Afiada"]
[Result "1-0"]
[WhiteElo "2175"]
[BlackElo "1943"]
[TimeControl "180+1"]
[EndTime "16:01:31 PDT"]
[Termination "blueryder won by resignation"]

1. e4 c5 2. Nc3 Nc6 3. f4 d6 4. Nf3 g6 5. Bc4 Bg7 6. d3 e6 7. Bb3 Nge7 8. O-O Nd4 9. Nxd4 Bxd4+ 10. Kh1 Nc6 11. Ne2 Bg7 12. c3 O-O 13. Qe1 b5 14. Bc2 f5 15. Ng1 Bb7 16. Nf3 a5 17. Ng5 Qe7 18.
exf5 exf5 19. Qg3 Rae8 20. Bb3+ c4 21. dxc4 a4 22. Bc2 bxc4 23. Bd2 Qe2 24. Rad1 Qg4 25. Bxa4 Qxg3 26. hxg3 Re2 27. Nf3 Ra8 28. Bb5 d5 29.
a3 Ra5 30. a4 Ra8 31. Ng1 Re7 32. Rde1 Rae8 33. Rxe7 Rxe7 34. Nf3 Na7 35. Re1 Rxe1+ 36. Bxe1 Nxb5 37. axb5 Bf8 38. Bf2 Bd6 39. Nd4 Kf7 40. Kg1 Ke7 41. Kf1 Kd7 42. Ke2 Bc5 43. Be3 Kd6 44.
Kf3 Ba8 45. g4 Bb7 46. gxf5 Bxd4 47. Bxd4 gxf5 48. g4 Ke6 49. Be5 Ba8 50. g5 Bb7 51.
Ke3 Ba8 52. Kd4 Bb7 53. Kc5 Ba8 54. Kb6 Kd7 55. Ka7 Bc6 56. bxc6+ Kxc6 57. Ka6 Kc5 58. Ka5 Kc6 59. Kb4 Kb6 60. b3 Kc6 61. bxc4 dxc4 62. Kxc4 1-0

[Event "Late-Titled-Tuesday-Blitz-October-10-2023"]
[Site "Chess.com"]
[Date "2023.10.10"]
[Round "11"]
[White "Grischuk"]
[Black "alexrustemov"]
[Result "1-0"]
[WhiteElo "2982"]
[BlackElo "2824"]
[TimeControl "180+1"]
[EndTime "16:01:43 PDT"]
[Termination "Grischuk won on time"]

1. d4 d5 2. Nf3 Nf6 3. Bg5 Ne4 4.
Bh4 c5 5. e3 Nc6 6. Nbd2 Bf5 7.
dxc5 Nxc5 8. Nd4 Bd7 9. c4 dxc4 10. Bxc4 Ne5 11. O-O Nxc4 12. Nxc4 Qb8 13. Bg3 Qd8 14. Qf3 e6 15. Nd6+ Bxd6 16. Bxd6 Rc8 17. Qg3 Qf6 18. f3 Qg6 19. Qh4 f6 20. e4 Kf7 21. Rfd1 Rhd8 22.
Ne2 b6 23. Bxc5 bxc5 24. Nf4 Qg5 25. Qxg5 fxg5 26. Ne2 Bb5 27. Nc3 Bd3 28. Kf2 c4 29. Ke3 Rb8 30. Rd2 Rd7 31. Rad1 Rdb7 32. b3 Ke7 33. Na4 Rc7 34. Nb2 c3 35. Rxd3 cxb2 36. Rb1 Rc2 37. Rd2 Rbc8 38. Rxb2 Rxb2 39. Rxb2 e5 40. Kd2 Rd8+ 41. Ke2 h5 42. Rc2 Rd7 43. Rc5 Ke6 44. Rc6+ Ke7 45. Rg6 Kf7 46. Rxg5 Kf6 47. Rf5+ Ke6 48. Rxh5 Rc7 49. Kd3 Rd7+ 50. Ke3 Rc7 51. Rg5 Kf6 52. Rf5+ Ke6 53. h4 Rc2 54. g4 Rxa2 55. Kd3 a5 56. h5 Ra3 57. Kc2 Ra2+ 58. Kc3 Ra3 59. Kb2 1-0

[Event "Late-Titled-Tuesday-Blitz-October-10-2023"]
[Site "Chess.com"]
[Date "2023.10.10"]
[Round "11"]
[White "The_Straightforward_Rook"]
[Black "ItalianMachine"]
[Result "1-0"]
[WhiteElo "2564"]
[BlackElo "2429"]
[TimeControl "180+1"]
[EndTime "16:01:43 PDT"]
[Termination "The_Straightforward_Rook won by checkmate"]

1. d4 e6 2. c4 Nf6 3. Nf3 Bb4+ 4. Nbd2 c5 5. dxc5 Bxc5 6. e3 O-O 7. Bd3 d5 8. O-O Nc6 9. a3 a5 10. Qe2 e5 11.
cxd5 Qxd5 12. Bc4 Qd8 13. Rd1 Qe7 14. h3 e4 15. Nh2 Ne5 16. b3 Nxc4 17. Nxc4 Be6 18. Bb2 b5 19. Nxa5 Rxa5 20. b4 Bxb4 21. axb4 Rxa1 22. Bxa1 Qxb4 23. Bxf6 gxf6 24. Ng4 Kg7 25. Rd4 Qb1+ 26. Kh2 h5 27. Rd1 Qb4 28. Nxf6 Kxf6 29. Qxh5 Ke7 30. Rd4 Qa3 31. Qh4+ f6 32.
Qh7+ Rf7 33. Qxe4 Qc5 34. Qb7+ Kf8 35. Qb8+ Kg7 36. Qg3+ Qg5 37. Qd6 Qe5+ 38. Qxe5 fxe5 39. Rd6 Kf6 40. Rb6 Rc7 41. Rxb5 Rc2 42. Kg3 Bc4 43. Rb6+ Be6 44. h4 Rc7 45. Ra6 Rg7+ 46. Kh2 Rf7 47. g3 Rh7 48. Kg2 Rf7 49. f3 Ke7 50. Ra7+ Kf6 51. Rxf7+ Kxf7 52. g4 Kf6 53. Kg3 Bd5 54. e4 Be6 55. f4 exf4+ 56. Kxf4 Bf7 57. e5+ Ke6 58. h5 Bg8 59. g5 Kf7 60. Kf5 Kg7 61.
e6 Bh7+ 62. Ke5 Bg8 63. Kd6 Kf8 64. e7+ Ke8 65. g6 Ba2 66. h6 Bb1 67. h7 Ba2 68. h8=Q+ Bg8 69. Qxg8# 1-0

[Event "Late-Titled-Tuesday-Blitz-October-10-2023"]
[Site "Chess.com"]
[Date "2023.10.10"]
[Round "11"]
[White "lluiss"]
[Black "familijatop71"]
[Result "1-0"]
[WhiteElo "2216"]
[BlackElo "2128"]
[TimeControl "180+1"]
[EndTime "16:01:46 PDT"]
[Termination "lluiss won on time"]

1. Nf3 Nf6 2. d4 g6 3. g3 Bg7 4. Bg2 O-O 5. O-O d6 6. c4 c5 7. Nc3 a6 8. b3 Nc6 9. Bb2 Rb8 10. a4 Bd7 11. Qd2 cxd4 12. Nxd4 Nxd4 13. Qxd4 Bc6 14. Nd5 Ne8 15. Qd2 Bxb2 16. Qxb2 e6 17. Ne3 Bxg2 18. Kxg2 Qc7 19. Rfd1 Ng7 20. Rd2 Rbd8 21.
Rad1 Qc6+ 22. Kg1 Ne8 23. h4 h5 24. Nc2 Ng7 25. Nd4 Qe4 26. Qc2 Qg4 27. Qd3 e5 28. Nc2 Nf5 29. Ne3 Nxe3 30. Qxe3 Qe6 31. Qb6 d5 32.
Qxe6 fxe6 33. cxd5 exd5 34. Rxd5 Rxd5 35. Rxd5 Re8 36.
Rd7 b5 37. axb5 axb5 38. Rb7 Rd8 39. Rxb5 Rd7 40. Rxe5 Rb7 41. Re3 Kg7 42. Kg2 Rc7 43. f4 Rb7 44. Kf3 Rb4 45. g4 Kf6 46. g5+ Kf7 47. Rc3 Kf8 48. e3 Kf7 49. Ke2 Kf8 50. Kd2 Kf7 51. Rc7+ Ke6 52. Rc6+ Kf7 53. Rf6+ Kg7 54.
Kc3 Re4 55. b4 Rxe3+ 56. Kc4 Rh3 57. b5 Rxh4 58. b6 Rh1 59. f5 Rc1+ 60. Kb5 gxf5 61. Rxf5 h4 62. Rf4 Kg6 63. b7 Kxg5 64. b8=Q Rb1+ 65. Rb4 Rxb4+ 66. Kxb4 Kg4 67. Qh2 h3 68.
Kc3 Kh4 69. Kd3 Kg4 70. Ke3 1-0

[Event "Late-Titled-Tuesday-Blitz-October-10-2023"]
[Site "Chess.com"]
[Date "2023.10.10"]
[Round "11"]
[White "rychessmaster1"]
[Black "Witaliss"]
[Result "1-0"]
[WhiteElo "2698"]
[BlackElo "2562"]
[TimeControl "180+1"]
[EndTime "16:01:47 PDT"]
[Termination "rychessmaster1 won by resignation"]

1. d4 Nf6 2. c4 c6 3. Nf3 d5 4.
Nc3 dxc4 5. a4 Bg4 6. Ne5 Bh5 7. f3 Nfd7 8. Nxc4 e5 9. Nxe5 Nxe5 10. dxe5 Nd7 11. e6 fxe6 12. g3 Bb4 13. Bh3 Qe7 14. Be3 a5 15. O-O O-O 16. Ne4 Nf6 17.
Nxf6+ Qxf6 18. Qb3 Bf7 19. Rad1 e5 20. Qc2 Bd5 21.
Bc5 Rfd8 22. e4 Be6 23. Bxe6+ Qxe6 24. Bxb4 axb4 25. Rxd8+ Rxd8 26. Rd1 Rd4 27. Rxd4 exd4 28. f4 b3 29. Qd3 c5 30. a5 Kf8 31. Kg2 Ke7 32.
Kf3 Qa6 33. Qxb3 Qf1+ 34. Kg4 Qe2+ 35. Kh3 Qxe4 36. Qb6 Qd5 37. b4 c4 38. b5 d3 39.
a6 bxa6 40. bxa6 d2 41. Qc7+ Kf6 42. Qb6+ Ke7 43. Qc7+ Qd7+ 44. Qxd7+ Kxd7 45. a7 d1=Q 46. a8=Q Qf1+ 47. Kh4 Qd3 48. Qb7+ Kd6 49. Qxg7 c3 50. Qh6+ Kc5 51. Qf8+ Kc4 52. Qc8+ Kb3 53. f5 c2 54. f6 Qc4+ 55. Qxc4+ Kxc4 56. f7 c1=Q 57. f8=Q Qd2 58.
Qf4+ Qxf4+ 59. gxf4 Kd5 60. Kg5 Ke6 61. h4 Kf7 62. Kf5 h6 63. h5 Kg7 64. Ke6 Kf8 65.
Kf6 Kg8 66. Kg6 Kf8 67. Kxh6 Kf7 68. Kg5 Kg7 69. f5 1-0

[Event "Late-Titled-Tuesday-Blitz-October-10-2023"]
[Site "Chess.com"]
[Date "2023.10.10"]
[Round "11"]
[White "orestn"]
[Black "FERNANDEZL1983"]
[Result "1/2-1/2"]
[WhiteElo "2403"]
[BlackElo "2527"]
[TimeControl "180+1"]
[EndTime "16:01:51 PDT"]
[Termination "Game drawn - insufficient material"]

1. e4 c5 2. Nf3 a6 3. c4 Nc6 4.
d4 cxd4 5. Nxd4 e5 6. Nc2 Bc5 7. Be3 Bxe3 8. Nxe3 Nf6 9. Nc3 Nd4 10. Bd3 O-O 11.
O-O d6 12. Ne2 Ne6 13. Rc1 Nc5 14. Nc3 Be6 15. Bb1 a5 16. b3 Ra6 17. Qf3 Nfd7 18. Rfd1 Nb8 19. Nf5 g6 20. Ne3 Nc6 21. Nb5 Ne7 22. Qg3 Kh8 23. Ng4 Bxg4 24. Qxg4 f5 25.
exf5 gxf5 26. Qh3 e4 27. f3 Ng6 28. fxe4 fxe4 29. Rf1 Ra8 30. Rcd1 Qg5 31. Qc3+ Qe5 32. Qxe5+ dxe5 33. Rxf8+ Rxf8 34. Re1 a4 35. Bxe4 axb3 36.
axb3 Nxb3 37. Bxg6 hxg6 38. Rxe5 Nd2 39. h3 Nxc4 40.
Re7 b6 41. Nd4 Kg8 42. Rc7 Ne3 43. Rb7 Rf6 44. Nf3 Nc4 45. Ng5 Na5 46. Ra7 Nc6 47.
Rb7 Nd4 48. Ne4 Rc6 49. g4 Kf8 50. g5 Ke8 51. Nf6+ Kd8 52. Rd7+ Kc8 53. Rxd4 Rc3 54. Kg2 Rc2+ 55. Kg3 Rc3+ 56. Kg4 Rc1 57. Rd6 b5 58.
Ne4 Kc7 59. Rxg6 b4 60. Rg7+ Kc6 61. Rg8 Kc7 62. Rg7+ Kc6 63. Rg6+ Kc7 64. Rf6 Rg1+ 65. Ng3 b3 66. Rf3 b2 67. Rb3 b1=Q 68. Rxb1 Rxb1 69. g6 Kd6 70. Kg5 Ke7 71. Nf5+ Kf8 72. h4 Rb6 73. h5 Kg8 74. h6 Kh8 75. g7+ Kh7 76. Ne7 Rb5+ 77. Kf6 Rb8 78. Kf7 Kxh6 79. g8=Q Rxg8 80. Nxg8+ 1/2-1/2

[Event "Late-Titled-Tuesday-Blitz-October-10-2023"]
[Site "Chess.com"]
[Date "2023.10.10"]
[Round "11"]
[White "AlexandraBotez"]
[Black "annacramling"]
[Result "1-0"]
[WhiteElo "2291"]
[BlackElo "2187"]
[TimeControl "180+1"]
[EndTime "16:01:54 PDT"]
[Termination "AlexandraBotez won on time"]

1. d4 Nf6 2. c4 e6 3. Nc3 d5 4. cxd5 exd5 5. Nf3 c6 6. Bf4 Be7 7. e3 Bf5 8. Bd3 Bg6 9. Ne5 Nbd7 10. Nxg6 hxg6 11.
h3 Qb6 12. Qd2 c5 13. Bb5 O-O 14. O-O cxd4 15. exd4 Ne4 16. Nxe4 Qxb5 17. Nc3 Qa5 18. Qd3 Rac8 19. a3 Nf6 20. Rfe1 Rfe8 21. b4 Qb6 22. Na4 Qc6 23. Nc5 b6 24. b5 Qa8 25. Na6 Qb7 26.
a4 Ne4 27. Rec1 Rxc1+ 28. Rxc1 Rc8 29. Qd1 g5 30. Be3 Bf6 31. Nb4 Nc3 32. Qe1 Nxa4 33. Nc6 Rc7 34. Qb4 a6 35. Qxa4 axb5 36. Qxb5 Kh7 37.
g3 Rd7 38. Kg2 g6 39. Ra1 Kg7 40. Ra7 Qc8 41. Rxd7 Qxd7 42. Qxb6 Qc8 43. Qb5 Qe6 44. Nb4 Qe4+ 45. Kg1 Qb1+ 46. Kh2 Qb2 47. Qc5 Qe2 48. Qc2 Qf3 49. Nc6 g4 50. h4 Qe4 51.
Qxe4 dxe4 52. Nb4 Be7 53. Nc2 f5 54. Kg1 Kf6 55. Kf1 Ke6 56. Ke2 Kd5 57. Kd2 Kc4 58. Bf4 Bf8 59. Be5 Be7 60. Ne3+ Kb3 61. Nd5 Bf8 62.
Ke3 Kc4 63. Nf4 Be7 64. Nxg6 Bb4 65. Nf4 Ba3 66. h5 Bc1+ 67. Ke2 Kb5 68. h6 1-0

[Event "Late-Titled-Tuesday-Blitz-October-10-2023"]
[Site "Chess.com"]
[Date "2023.10.10"]
[Round "11"]
[White "Qvalda"]
[Black "Szczor"]
[Result "1-0"]
[WhiteElo "2400"]
[BlackElo "2579"]
[TimeControl "180+1"]
[EndTime "16:01:56 PDT"]
[Termination "Qvalda won by checkmate"]

1. Nf3 Nf6 2. g3 e6 3. Bg2 d5 4. c4 Be7 5. b3 O-O 6. Bb2 c5 7. O-O b6 8. cxd5 exd5 9. d4 Bb7 10. Nc3 Ne4 11. Rc1 Nc6 12. dxc5 Nxc3 13. Bxc3 bxc5 14.
Ne5 Qd6 15. Nd3 Rfd8 16. Ba1 c4 17. Nf4 Na5 18. Nh5 Bf8 19. Qd2 Qb6 20. bxc4 dxc4 21.
Qc3 f6 22. Bxb7 Nxb7 23. Qxc4+ Kh8 24. Qh4 Nc5 25. Rc4 Qe6 26. Rg4 Nd7 27. e4 Ne5 28.
Bxe5 Qxe5 29. Nf4 Kg8 30. Nd5 Rac8 31. Rb1 Rxd5 32. exd5 Rc2 33. Rf1 Bc5 34. Rf4 Qxd5 35. Qg4 h5 36. Qf3 Qxf3 37. Rxf3 Bb6 38. Ra3 Kf7 39.
h4 g5 40. Ra4 Kg6 41. Kg2 g4 42. Ra3 f5 43. Ra4 Kf7 44. a3 Ra2 45. Rf4 Kf6 46.
a4 Ke5 47. Re1+ Kf6 48. Rc1 Ke5 49. Re1+ Kf6 50. Rc1 Ke5 51. Rb1 Kf6 52. Rb5 Ke6 53.
Rbxf5 Kd6 54. Rxh5 Kc6 55. Rhf5 Kb7 56. Rxg4 Ka6 57.
h5 Be3 58. Rg6+ Kb7 59. Rf7+ Kc8 60. Rg8# 1-0

[Event "Late-Titled-Tuesday-Blitz-October-10-2023"]
[Site "Chess.com"]
[Date "2023.10.10"]
[Round "11"]
[White "GothamChess"]
[Black "koncheto"]
[Result "1-0"]
[WhiteElo "2749"]
[BlackElo "2539"]
[TimeControl "180+1"]
[EndTime "16:01:58 PDT"]
[Termination "GothamChess won by checkmate"]

1. e4 c5 2. Nc3 Nc6 3. Bb5 Nd4 4.
Nf3 e6 5. O-O a6 6. Bd3 g6 7.
Nxd4 cxd4 8. Ne2 Bg7 9. c3 dxc3 10. bxc3 d5 11. exd5 Qxd5 12. Nf4 Qd6 13. Qf3 Ne7 14.
a4 O-O 15. Ba3 Qc7 16. Rab1 Rd8 17. h4 Nc6 18. Be4 Ne5 19. Qe2 Nc4 20. Bc1 Qxf4 21. Qxc4 Qxh4 22. g3 Qg4 23. Re1 Bd7 24. Rxb7 h5 25.
a5 Bb5 26. Qc7 Rd7 27. Qb6 Rad8 28. Rxd7 Rxd7 29. Qe3 h4 30. d4 hxg3 31. Qxg3 Qh5 32.
Bf4 Bc4 33. Kg2 Bd5 34. f3 Bxe4 35. fxe4 Qxa5 36. e5 Rc7 37. Re3 Qa2+ 38. Qf2 Qxf2+ 39. Kxf2 a5 40. Ke2 Ra7 41. Kd3 Kh7 42. Re2 a4 43. Rh2+ Kg8 44. Ra2 Bf8 45. c4 Bb4 46. d5 exd5 47. cxd5 Kf8 48. Be3 Ra5 49. Kc4 Be1 50.
Bb6 Ra8 51. Bc5+ Ke8 52. Rh2 Kd7 53. Re2 Bh4 54. Re4 Be7 55. e6+ fxe6 56. dxe6+ Ke8 57.
Bd4 a3 58. Ba1 a2 59. Rf4 g5 60. Rf5 g4 61. Rh5 Bf8 62. Rh7 g3 63. Rh8 Ra4+ 64. Kd5 Rg4 65. Rh7 g2 66. Ra7 Be7 67. Ra8+ Bd8 68.
Bf6 g1=Q 69. Rxd8# 1-0

[Event "Late-Titled-Tuesday-Blitz-October-10-2023"]
[Site "Chess.com"]
[Date "2023.10.10"]
[Round "11"]
[White "karinachess1"]
[Black "NovikovaGalina"]
[Result "1-0"]
[WhiteElo "2586"]
[BlackElo "2444"]
[TimeControl "180+1"]
[EndTime "16:02:04 PDT"]
[Termination "karinachess1 won on time"]

1. d4 e5 2. d5 Bc5 3. e3 d6 4.
Nf3 Ne7 5. Be2 O-O 6. O-O h6 7. a3 a5 8. c4 f5 9. Nc3 Nd7 10.
Ne1 Nf6 11. Nd3 Ba7 12. b4 axb4 13. axb4 Bd7 14. Qb3 Ne4 15. Qc2 Qe8 16. Ne1 Qg6 17. Bd3 Nxc3 18. Qxc3 Qf7 19. Nc2 Ng6 20. Kh1 Nh4 21. g3 Nf3 22. Be2 Ng5 23. f3 Kh8 24. Bb2 Bb6 25. c5 Ba7 26. Rad1 Rac8 27. Na3 Qe7 28. c6 bxc6 29. dxc6 Be6 30. Bc4 Qf7 31.
Bxe6 Qxe6 32. b5 Qg6 33. Qc2 Ne6 34. Qe2 Nc5 35. Nc4 Na4 36. Ba1 Nc5 37. Rb1 Ne6 38. Rfd1 Bc5 39. Bc3 e4 40. f4 Qf7 41. Ba1 Kh7 42.
Bc3 Nd8 43. Be1 Ne6 44. Bf2 Qg6 45. Be1 Qf7 46. Na5 Qg6 47. Nb7 Bb6 48. Rbc1 Ra8 49. Bb4 Ra4 50. Bc3 Qf7 51. Be1 Nd8 52. Nxd8 Rxd8 53.
Ra1 Rxa1 54. Rxa1 Qf6 55. Ra2 Qe6 56. Bf2 Re8 57. Kg2 Qb3 58. Rb2 Qc3 59. Rc2 Qb3 60. Rb2 Qc3 61. Rd2 Ra8 62. Rd5 Ra1 63. Rxf5 Qc1 64. Kh3 Rb1 65. Rf7 Rb2 66. Qg4 Qf1+ 67.
Kh4 1-0

[Event "Late-Titled-Tuesday-Blitz-October-10-2023"]
[Site "Chess.com"]
[Date "2023.10.10"]
[Round "11"]
[White "tgpgoat"]
[Black "Korchmar_Vasiliy"]
[Result "0-1"]
[WhiteElo "2561"]
[BlackElo "2773"]
[TimeControl "180+1"]
[EndTime "16:02:26 PDT"]
[Termination "Korchmar_Vasiliy won by resignation"]

1. Nf3 d5 2. g3 c5 3. Bg2 Nf6 4.
O-O e6 5. d4 cxd4 6. Nxd4 e5 7.
Nb3 a5 8. Bg5 a4 9. Nc1 Nbd7 10.
Bxd5 Qb6 11. b3 Bc5 12. Nc3 Bd4 13. Bd2 Bxc3 14. Bxc3 Qc5 15. Bb2 Qxd5 16. Qe1 a3 17. Bc3 O-O 18. Nd3 Re8 19. Rd1 Qe4 20. Qd2 Nf8 21.
f3 Qd5 22. Nxe5 Rxe5 23. Qf4 Rf5 24. Rxd5 Rxf4 25. Rd8 Rf5 26. Bb4 Nd7 27. Rd1 Rb5 28. R1xd7 Bxd7 29. Rxa8 Rxb4 30. Rxa3 Rd4 31. Kf2 Rd2 32.
c4 Bc6 33. Ke3 Rb2 34. Ra8 g6 35. h4 Kg7 36. g4 Ne6 37. Rc8 Rxa2 38. b4 Ra3+ 39.
Kf2 Rb3 40. b5 Bxb5 41. cxb5 Rxb5 42. Rb8 Rb2 43. Ke3 b5 44. Kd3 b4 45. e3 Rb1 46.
Kc2 Rf1 47. f4 Re1 48. Kd2 Rb1 49. Kc2 Rh1 50. f5 gxf5 51. gxf5 Nc5 52. Rxb4 Rf1 53.
Rg4+ Kf6 54. e4 Re1 55. Rg5 Rxe4 56. Rh5 Kg7 57. f6+ Kxf6 58. Rxc5 Rxh4 59. Kd3 Rf4 60.
Ke3 Rf5 61. Rc6+ Kg5 62. Ke4 h5 63. Rc8 Rf4+ 64. Ke3 Rf6 65. Rg8+ Kh4 66. Ke2 Kh3 67. Ke3 h4 68. Ke2 Kh2 69. Rh8 h3 70. Rh7 Rf5 71. Ke3 f6 72. Ke2 Kg2 73. Rg7+ Kh1 74. Rh7 h2 75. Rh8 Kg2 76. Rg8+ Rg5 77. Rf8 h1=Q 78.
Rxf6 Re5+ 79. Kd3 Qd1+ 80. Kc4 Re4+ 81. Kc5 Qd4+ 82. Kc6 Qxf6+ 0-1

[Event "Late-Titled-Tuesday-Blitz-October-10-2023"]
[Site "Chess.com"]
[Date "2023.10.10"]
[Round "11"]
[White "Zhigalko_Sergei"]
[Black "Baku_Boulevard"]
[Result "1-0"]
[WhiteElo "2930"]
[BlackElo "3039"]
[TimeControl "180+1"]
[EndTime "16:02:27 PDT"]
[Termination "Zhigalko_Sergei won on time"]

1. e4 c5 2. Nf3 d6 3. d4 Nf6 4. Nc3 cxd4 5. Qxd4 Nc6 6. Bb5 Bd7 7. Bxc6 Bxc6 8. Bg5 e6 9. O-O-O Be7 10. Rhe1 Qa5 11.
Kb1 O-O 12. Qd2 Qb6 13. Nd4 Rfd8 14. f3 Rac8 15. g4 Be8 16. Nce2 Qa6 17. Ng3 Rc5 18. h4 Rdc8 19. Rc1 Ra5 20. a3 d5 21. Nb3 Rb5 22.
e5 Bxa3 23. Bxf6 Bf8 24. Bxg7 Bxg7 25. Nh5 Bh8 26. Nf6+ Kf8 27. Qh6+ Ke7 28. Qxh7 Bxf6 29. exf6+ Kd8 30. g5 Rb4 31. Re3 d4 32. Qd3 Qd6 33. Re4 e5 34. f4 Bb5 35. Qd2 a5 36. fxe5 Qb6 37. Rxd4+ Kc7 38. Rxb4 axb4 39. Qxb4 Ra8 40. Qd6+ Qxd6 41. exd6+ Kxd6 42. Nd4 Bd7 43. Re1 Rh8 44. Rh1 Ke5 45. c3 Kf4 46. Kc2 Bg4 47. Kd2 Kg3 48. b4 Kf4 49. Kd3 Ra8 50. Rf1+ Ke5 51.
Re1+ Kf4 52. Re4+ Kg3 53. Re3+ Kxh4 54. Nf3+ Kh5 55. Ne5 Bf5+ 56. Kd4 Kxg5 57. Nxf7+ Kxf6 58. Ne5 Rd8+ 59. Kc4 Be6+ 60. Kc5 Rd5+ 61. Kb6 Rxe5 62. Rxe5 Kxe5 63. Kxb7 Bc4 64. Kc6 Ke4 65. b5 Bd5+ 66. Kd6 Bc4 67. b6 Ba6 68. c4 Kd4 69. c5 Kc4 70. c6 Kb5 71. b7 Kb6 72. b8=Q+ Ka5 73. Qc7+ Kb5 74. Qe7 Kb6 75. c7 Bb7 76. Qg5 Ka7 77. Qe5 Bc8 78. Qd4+ Ka8 79. Qb4 Bb7 80. Qa5+ 1-0

[Event "Late-Titled-Tuesday-Blitz-October-10-2023"]
[Site "Chess.com"]
[Date "2023.10.10"]
[Round "11"]
[White "egnfanclub"]
[Black "WPWPWP-2015"]
[Result "1-0"]
[WhiteElo "2380"]
[BlackElo "2517"]
[TimeControl "180+1"]
[EndTime "16:02:50 PDT"]
[Termination "egnfanclub won by resignation"]

1. e4 c5 2. Nc3 d6 3. f4 Nc6 4.
Nf3 Nf6 5. Bb5 Qc7 6. O-O a6 7.
Be2 e6 8. Qe1 Nd4 9. Bd1 Be7 10.
d3 O-O 11. Be3 e5 12. Nd5 Nxd5 13. exd5 Bf6 14. fxe5 dxe5 15. c3 Nf5 16. Bg5 Bxg5 17. Nxg5 h6 18. Ne4 Bd7 19. Bg4 Nd6 20. Bxd7 Nxe4 21.
Qxe4 Qxd7 22. Qxe5 Rae8 23. Qf5 Qd8 24. Rf2 Qd6 25.
c4 Re3 26. Raf1 b5 27. b3 f6 28. Rf3 Re2 29. R3f2 Re5 30. Qg6 Rg5 31. Qe4 Re5 32.
Qf4 b4 33. h4 Qe7 34. Rf3 Re2 35. R1f2 Re1+ 36. Kh2 g5 37. Rg3 Kh8 38. hxg5 hxg5 39. Qf5 Kg8 40. Qg6+ Qg7 41. Qxg7+ Kxg7 42. Rgf3 Kg6 43.
g4 Re7 44. Kg3 Re1 45. Rf1 Re2 46. R1f2 Re1 47. Rf5 Rg1+ 48. Kf3 Rd1 49. Ke2 Ra1 50. d6 Rxa2+ 51. Kf3 Rxf2+ 52. Kxf2 Rc8 53. Ke3 Kf7 54.
Rd5 Ke6 55. d7 Rd8 56. Ke4 a5 57. Rxc5 Rxd7 58. Rxa5 Re7 59. d4 Kf7+ 60. Kd3 Re1 61.
Rb5 Rg1 62. Rxb4 Rg3+ 63. Ke2 Rxg4 64. c5 Re4+ 65. Kf3 f5 66. c6 g4+ 67. Kg3 Re3+ 68.
Kf2 Rf3+ 69. Kg2 Rc3 70. Rc4 Rxc4 71. bxc4 Ke6 72. d5+ Kd6 73. Kg3 Kc7 74. c5 Kc8 75. Kf4 Kc7 76. Kg3 Kc8 77. d6 Kd8 78. Kf4 Kc8 79.
c7 Kd7 80. Kg3 Kc8 81. Kf2 Kd7 82. Ke3 Kc8 83. c6 g3 84. Kf3 f4 85. Kg2 f3+ 86. Kxg3 f2 87. d7+ Kxc7 88. Kxf2 Kxc6 89. d8=Q Kb5 90. Qd2 Ka6 91. Ke3 Kb5 92. Qc2 Ka5 93. Kd4 Kb4 94. Qb2+ Ka4 95. Kc5 1-0